 Dungeon Crawl Stone Soup version 0.31-a0-879-g1609e0ac53 (webtiles) character file.

Game seed: 9099182526971864899

106 gruber the Conjurer (level 4, -1/33 HPs)
             Began as a Demigod Conjurer on Oct 14, 2023.
             Shot with an arrow by a centaur (12 damage)
             ... on level 3 of the Dungeon.
             The game lasted 00:02:23 (2135 turns).

gruber the Conjurer (Demigod Conjurer)              Turns: 2135, Time: 00:02:24

Health: -1/33      AC: 10    Str:  8    XL:     4   Next: 30%
Magic:  4/9        EV: 12    Int: 24    God:
Gold:   134        SH:  0    Dex: 12    Spells: 3/6 levels left

rFire   . . .        f - +0 dagger
rCold   . . .        (no shield)
rNeg    . . .        a - +0 robe
rPois   .            (no helmet)
rElec   .            (no cloak)
rCorr   .            (no gloves)
SInv    .            (no boots)
Will    .....        (no amulet)
Stlth   ++           g - +4 ring of protection
HPRegen 0.25/turn    m - +4 ring of protection
MPRegen 0.11/turn

%: no passive effects
@: no status effects
A: high MP 1, forlorn, divine attributes
a: no special abilities


You were on level 3 of the Dungeon.
You visited 1 branch of the dungeon, and saw 3 of its levels.

You collected 134 gold pieces.

Inventory:

Hand Weapons
 f - a +0 dagger (weapon)
Armour
 a - a +0 robe (worn)
Jewellery
 g - a +4 ring of protection (left hand)
 m - a +4 ring of protection (right hand)
Scrolls
 c - 4 scrolls of teleportation {unknown}
 d - 3 scrolls of identify {unknown}
 l - a scroll of fog {unknown}
 p - a scroll of amnesia {unknown}
 q - a scroll of noise {unknown}
Potions
 b - 2 potions of magic
 e - a potion of mutation {unknown}
 h - 3 potions of haste {unknown}
 i - a potion of brilliance {unknown}
 j - a potion of heal wounds {unknown}
 k - a potion of enlightenment {unknown}
 n - a potion of attraction {unknown}
 o - a potion of curing {unknown}


   Skills:
 - Level 1.7 Dodging
 - Level 1.7 Stealth
 - Level 1.7 Spellcasting
 + Level 5.5 Conjurations


You had 3 spell levels left.
You knew the following spells:

 Your Spells              Type           Power      Damage    Failure   Level
a - Magic Dart            Conj           100%       1d8       1%          1
b - Searing Ray           Conj           56%        2d6       1%          2

Your spell library contained the following spells:

 Spells                   Type           Power      Damage    Failure   Level
 Dazzling Flash           Conj/Hex       30%        N/A       12%         3
 Fulminant Prism          Conj/Hex       7%         3d7       36%         4
 Iskenderun's Mystic Bla  Conj/Tloc      15%        2d5       36%         4


Dungeon Overview and Level Annotations

Branches:
Dungeon (3/15)

Shops:
D:1 [


Innate Abilities, Weirdness & Mutations

You have an increased reservoir of magic. (+10% MP)
You shall have no god before yourself.
Your divine heritage dramatically boosts your attributes as you level up.


Message History

An orc is nearby!
The magic dart hits the orc.
The orc is severely wounded.
The orc shouts!
You hear a shout!
The orc throws a boomerang.
The boomerang closely misses you.
The magic dart hits the orc.
You kill the orc!
An orc comes into view. It is wielding a +0 whip.
The magic dart hits the orc.
The orc is heavily wounded.
The orc shouts!
You hear a shout!
A centaur comes into view.
The magic dart hits the orc!
You kill the orc!
The centaur wields a +0 shortbow.
The centaur shoots an arrow.
The arrow closely misses you.
The magic dart hits the centaur.
The centaur is lightly wounded.
The centaur shoots an arrow.
The arrow misses you.
The magic dart hits the centaur.
The centaur is lightly wounded.
The centaur shoots an arrow.
The arrow misses you.
An orc comes into view. It is wielding a +0 club.
An orc priest comes into view. It is wielding a +0 falchion.
The orc shouts!
Unknown command.
Unknown command.
You hear a shout!
The centaur shoots an arrow.
The arrow closely misses you.
The centaur shoots an arrow.
The arrow closely misses you.
You see here a ball python corpse.
The centaur shoots an arrow.
The arrow hits you.
The centaur shoots an arrow.
The arrow barely misses you.
There is a fountain of clear blue water here.
The centaur shoots an arrow.
The arrow hits you.
There is a stone staircase leading up here.
The centaur shoots an arrow.
The arrow hits you!
The centaur shoots an arrow.
The arrow hits you!
The centaur shoots an arrow.
The arrow hits you!
You die...

##### ##⌠.⌠##
##..@†.## ##.......##
##...###...##
#⌠.⌠##.##⌠.⌠####
##.##...##.###.##
#..........†....#####.
#.....................
######.##..##c........
...###......$.....


You could see a centaur.

Vanquished Creatures
  An orc priest (D:2)
  An adder (D:3)
  A worm (D:2)
  A dart slug (D:1)
  7 orcs
  4 ball pythons
  6 endoplasms
  3 goblins (D:1)
  5 hobgoblins
  4 jackals (D:1)
  5 kobolds
  2 quokkas (D:1)
  7 bats
  A frilled lizard (D:1)
  3 rats (D:1)
51 creatures vanquished.

Notes
Turn   | Place    | Note
-------+----------+-------------------------------------------
     0 | D:1      | gruber the Demigod Conjurer began the quest for the Orb.
     0 | D:1      | Reached XP level 1. HP: 14/14 MP: 5/5
   172 | D:1      | Reached skill level 4 in Conjurations
   258 | D:1      | Reached XP level 2. HP: 20/20 MP: 5/7
   921 | D:1      | Reached XP level 3. HP: 26/26 MP: 6/8
   962 | D:1      | Found Ajycucoe's Antique Armour Shop.
  1199 | D:2      | Learned a level 2 spell: Searing Ray
  1452 | D:2      | Reached skill level 5 in Conjurations
  1453 | D:2      | Reached XP level 4. HP: 33/33 MP: 1/9
  2122 | D:3      | Noticed a centaur
  2135 | D:3      | Shot with an arrow by a centaur

Illustrated notes

Levels and vault maps discovered:
D:1:      eino_arrival_druids_welcome, layout_basic, serial_shops,
          nicolae_shop_stone, shapermc_ecumenical_altar_flowoftime,
          minmay_cut_off
D:2:      cheibrodos_pilgrimage, layout_loops_cross,
          chequers_serial_rivers_small_a, minmay_misc_feat_diagonals
D:3:      layout_rooms, grunt_ministairs_8

Skill      XL: |  1  2  3 |
---------------+----------+-----
Conjurations   | 4 5 |  5.5
Dodging        | |  1.7
Stealth        | |  1.7
Spellcasting   | |  1.7

Action                     |  1- 3 |  4- 6 || total
---------------------------+-------+-------++-------
  Melee: Dagger            |    30 |       ||    30
   Cast: Magic Dart        |    61 |    26 ||    87
         Searing Ray       |     2 |       ||     2
 Armour: Robe              |    30 |     8 ||    38
  Dodge: Dodged            |    36 |     9 ||    45

Table legend: (Time is in decaauts)
 A = Elapsed time spent in this place.
 B = Non-inter-level travel time spent in this place.
 C = Inter-level travel time spent in this place.
 D = Time resting spent in this place.
 E = Time spent auto-exploring this place.
 F = Levels seen in this place.
 G = Mean time per level.
                   A        B        C        D        E       F      G
               +--------+--------+--------+--------+--------+-----+--------+
         Total |   2134 |   2070 |     64 |      5 |   1767 |   3 |  711.3 |
       Dungeon |   2134 |   2070 |     64 |      5 |   1767 |   3 |  711.3 |
               +--------+--------+--------+--------+--------+-----+--------+

Top non-repeatable levels by time:
     D:1: 1184 daAuts
     D:2: 851 daAuts
     D:3: 98 daAuts
